 Dungeon Crawl Stone Soup version 0.17-a0-1115-g0372368 (console) character file.

140 Monkaria the Slasher (level 5, 28/42 HPs)
             Began as a Demonspawn Chaos Knight on May 23, 2015.
             Quit the game on level 3 of the Dungeon.
             The game lasted 00:02:13 (1792 turns).

Monkaria the Slasher (Demonspawn Chaos Knight)      Turns: 1792, Time: 00:02:13

Health: 28/42      AC:  7    Str: 13    XL:     5   Next: 2%
Magic:  14/14      EV: 11    Int: 14    God:    Xom [...*..]
Gold:   147        SH:  0    Dex: 12    Spells: 0 memorised, 4 levels left

rFire  . . .     SeeInvis .     a - +0 falchion (chaos)
rCold  . . .     Clarity  .     b - +2 leather armour
rNeg   . . .     SustAt   +     (no shield)
rPois  .         Gourm    .     (no helmet)
rElec  .         Spirit   .     (no cloak)
rCorr  .         Warding  .     l - +0 pair of gloves
rMut   .         Stasis   .     (no boots)
MR     .....                    (no amulet)
Stlth  ++........               o - ring of magical power
                                g - ring of sustain attributes

@: mildly poisoned (28 -> 24), not resistant to hostile enchantments, unstealthy
A: molten scales 1, nightstalker 1
a: Renounce Religion


You were on level 3 of the Dungeon.
You worshipped Xom.
You were a favourite toy of Xom.
You were not hungry.

You visited 1 branch of the dungeon, and saw 3 of its levels.

You collected 147 gold pieces.

Inventory:

Hand weapons
 a - a +0 falchion of chaos (weapon)
Armour
 b - a +2 leather armour (worn)
 l - a +0 pair of gloves (worn)
Jewellery
 g - a ring of sustain attributes (left hand)
 o - a ring of magical power (right hand)
Magical devices
 e - a wand of cold (6)
Scrolls
 k - a scroll of enchant weapon {unknown}
 n - 3 scrolls of teleportation {unknown}
 p - a scroll of noise {unknown}
 q - 3 scrolls of random uselessness {unknown}
 s - a scroll of enchant armour {unknown}
 t - a scroll of remove curse
Potions
 d - a potion of agility {unknown}
 f - a potion of haste {unknown}
 h - 2 potions of degeneration {unknown}
 m - 3 potions of lignification {unknown}
 r - a potion of brilliance {unknown}
Comestibles
 c - 3 bread rations
 i - 2 chunks of flesh
 j - 5 meat rations
 u - 2 beef jerkies


   Skills:
 - Level 4.1 Fighting
 + Level 4.4 Long Blades
 - Level 1.7 Armour
 - Level 0.8 Dodging


You had 4 spell levels left.
You didn't know any spells.

Dungeon Overview and Level Annotations

Branches:
Dungeon (3/15)

Altars:


Innate Abilities, Weirdness & Mutations

You are partially covered in molten scales (AC +1).
You are slightly more attuned to the shadows.


Message History

The worker ant closely misses you.
You hit the worker ant.
The worker ant is severely wounded.
You feel sick.
The worker ant waves its antennae.
The worker ant bites you.
Your white imp hits the worker ant.
Your white imp freezes the worker ant.
You hit the worker ant but do no damage.
The worker ant appears confused.
The worker ant is almost dead.
You feel sick.
Your white imp completely misses the worker ant.
You strike the helpless worker ant from behind!
You hit the worker ant. You freeze the worker ant.
You kill the worker ant!
You have reached level 5!
Your demonic ancestry asserts itself...
You slip into the darkness of the dungeon.
You feel sick.
Are you sure you want to abandon this character and quit the game? (Confirm with "yes".)

##########.#
#.....@5...#
##.##########
#[..)........#
#######..#########.#
.........##...####.#
...#####...........#
#.##..#.#.#.####.#
#.##......#......
..###.#.#....#


You could see a friendly white imp.

Vanquished Creatures
  Terence (D:2)
  2 worker ants (D:3)
  2 adders
  An ooze (D:2)
  A worm (D:2)
  2 giant geckos
  2 ball pythons (D:1)
  A giant cockroach (D:3)
  9 goblins
  9 hobgoblins
  A bat (D:1)
  2 giant newts (D:1)
  4 jackals (D:1)
  6 kobolds
  2 rats (D:2)
45 creatures vanquished.

Notes
Turn   | Place    | Note
--------------------------------------------------------------
     0 | D:1      | Monkaria the Demonspawn Chaos Knight began the quest for the Orb.
     0 | D:1      | Reached XP level 1. HP: 18/18 MP: 1/1
   115 | D:1      | XOM: harmless Ice miscast
   138 | D:1      | XOM: 2-stop teleportation journey
   181 | D:1      | Gained mutation: You are partially covered in molten scales (AC +1). [demonic ancestry]
   181 | D:1      | Reached XP level 2. HP: 18/24 MP: 2/2
   234 | D:1      | XOM: scenery: 1 doors close
   365 | D:1      | XOM: colour smoke trail
   398 | D:1      | Reached skill level 4 in Fighting
   726 | D:2      | XOM: stealth player
   848 | D:2      | Reached XP level 3. HP: 30/30 MP: 3/3
  1079 | D:2      | Noticed Terence
  1097 | D:2      | Killed Terence
  1146 | D:2      | Reached XP level 4. HP: 18/37 MP: 4/4
  1407 | D:2      | XOM: god gift: wooden wand {god gift}
  1787 | D:3      | XOM: summons friendly white imp
  1791 | D:3      | Gained mutation: You are slightly more attuned to the shadows. [demonic ancestry]
  1791 | D:3      | Reached XP level 5. HP: 29/42 MP: 5/5
  1792 | D:3      | Quit the game

Vault maps used:
D:1:      shiori_arrival_maze, bh_walls_and_bars
D:2:      minmay_distorted, uniq_terence
D:3:      serial_glass, glass_columns_a, glass_columns_a, glass_columns_a,
          glass_columns_c, glass_columns_b, glass_columns_c, minivault_5,
          kennysheep_another_room

Action                   |  1- 3 |  4- 6 || total
-------------------------+-------+-------++-------
Melee: Falchion          |   113 |    47 ||   160
  Use: Scroll            |       |     2 ||     2
 Stab: Paralysed         |     1 |       ||     1
       Confused          |       |     1 ||     1
  Eat: Chunk             |       |     3 ||     3
